 Dungeon Crawl Stone Soup version 0.31-a0-325-g067879e3d3 (webtiles) character file.

Game seed: 6100390161922123993

426 LeprechaunX the Changeling (level 6, -5/42 HPs)
             Began as an Octopode Shapeshifter on July 18, 2023.
             Slain by a lemure (9 damage)
             ... led by Pikel
             ... on level 5 of the Dungeon.
             The game lasted 00:06:33 (2599 turns).

LeprechaunX the Changeling (Octopode Shapeshifter)  Turns: 2599, Time: 00:06:33

Health: -5/42      AC:  1    Str: 17    XL:     6   Next: 97%
Magic:  6/6        EV: 13    Int: 10    God:
Gold:   23         SH:  0    Dex: 12    Spells: 5/5 levels left

rFire   + . .        z - +2 rapier of Reinforcement {freeze, rF+ rN+ SInv}
rCold   . . .        (no shield)
rNeg    + . .        (helmet currently unavailable)
rPois   .            i - amulet of regeneration
rElec   .            (no ring)
rCorr   .            (no ring)
SInv    +            (no ring)
Will    .....        (no ring)
Stlth   ++           (no ring)
HPRegen 1.07/turn    (no ring)
MPRegen 0.10/turn    (no ring)
                     (no ring)

%: no passive effects
@: beast-form
A: beast (slay +3), almost no armour, amphibious, 8 rings, camouflage 1,
gelatinous body 1, (nimble swimmer 1), tentacles
a: Begin Untransformation


You were on level 5 of the Dungeon.
You were a hulking beast.
You visited 1 branch of the dungeon, and saw 5 of its levels.

You collected 167 gold pieces.
You spent 144 gold pieces at shops.

Inventory:

Hand Weapons
 z - the +2 rapier of Reinforcement (weapon) {freeze, rF+ rN+ SInv}
   (You bought it in a shop on level 3 of the Dungeon)

   rF:        It protects you from fire.
   rN:        It protects you from negative energy.
   SInv:      It lets you see invisible.
Missiles
 l - 2 boomerangs (quivered)
 y - 5 poisoned darts
Jewellery
 i - an amulet of regeneration (around mantle)
 v - a +6 ring of intelligence
Talismans
 b - a beast talisman
 o - a storm talisman
Wands
 u - a wand of charming (12)
Scrolls
 f - 4 scrolls of identify {unknown}
 h - a scroll of fear {unknown}
 j - 2 scrolls of fog {unknown}
 n - a scroll of enchant armour {unknown}
 q - a scroll of poison {unknown}
 r - a scroll of vulnerability {unknown}
 s - a scroll of enchant weapon {unknown}
 t - a scroll of teleportation {unknown}
 A - a scroll of brand weapon {unknown}
 B - a scroll of noise {unknown}
Potions
 a - a potion of lignification
 c - a potion of resistance {unknown}
 d - 2 potions of invisibility {unknown}
 e - 3 potions of heal wounds {unknown}
 g - 3 potions of haste {unknown}
 k - 3 potions of curing {unknown}
 m - 2 potions of magic {unknown}
 p - a potion of cancellation {unknown}
 w - a potion of mutation {unknown}
 x - a potion of attraction {unknown}


   Skills:
 + Level 3.3 Fighting
 + Level 0.6 Short Blades
 + Level 3.2 Dodging
 + Level 4.3 Unarmed Combat
 * Level 4.5 Shapeshifting


You had 5 spell levels left.
You didn't know any spells.
Your spell library contained the following spells:

 Spells                   Type           Power      Damage    Failure   Level
 Call Canine Familiar     Summ           0%         N/A       75%         3
 Portal Projectile        Hex/Tloc       0%         N/A       75%         3
 Leda's Liquefaction      Hex/Erth       0%         N/A       98%         4


Dungeon Overview and Level Annotations

Branches:
Dungeon (5/15)             Temple (0/1) D:4

Altars:
Gozag
Nemelex Xobeh
Uskayaw
Xom

Shops:
D:3 =(

Annotations:
D:4 2 transporters
D:5 Pikel


Innate Abilities, Weirdness & Mutations

You are a hulking beast.
Your limbs bulge with bestial killing power. (Slay +3)
You cannot wear most types of armour.
You are amphibious.
You can wear up to eight rings at the same time.
Your skin changes colour to match your surroundings (Stealth+).
Your rubbery body absorbs attacks. (AC +1, EV +1)
((You are camouflaged when in or above water. (Stealth+)))
You have tentacles for arms and can constrict up to eight enemies at once.


Message History

You closely miss the lemure. Your grab misses the lemure.
The lemure is almost dead.
The lemure completely misses you.
Pikel says, "You'll burn in Gehenna!"
Pikel completely misses you.
You closely miss Pikel. You grab Pikel. You constrict Pikel.
The lemure barely misses you.
Pikel hits you with a +0 whip of freezing.
Pikel freezes you. Pikel misses you. The lemure hits you.
You puncture Pikel! You freeze Pikel.
Pikel is heavily wounded.
You constrict Pikel. The lemure hits you!
Pikel hits you with a +0 whip of freezing!
Pikel freezes you.
You hit Pikel. You freeze Pikel.
Pikel is severely wounded.
You constrict Pikel, but do no damage.
An adder comes into view.
The lemure hits you!
* * * LOW HITPOINT WARNING * * *
Pikel hits you with a +0 whip of freezing.
* * * LOW HITPOINT WARNING * * *
Pikel freezes you.
* * * LOW HITPOINT WARNING * * *
The lemure hits the plant.
The plant begins to die.
You release your grip on Pikel.
The lemure misses you. Pikel misses you.
The lemure hits the plant.
You climb downwards.
Found a stone staircase leading down and a stone staircase leading up.
There is a stone staircase leading up here.
Unknown command.
You hit Pikel. You freeze Pikel. Your grab misses Pikel.
Pikel is almost dead.
The lemure hits you.
* * * LOW HITPOINT WARNING * * *
Pikel completely misses you.
You barely miss Pikel. You grab Pikel.
Pikel is almost dead.
You constrict Pikel. The lemure hits you!
You die...

#<.......
#........
#........
#.......#
#.......#
+.......#
######.......#
#....Kh......#
#....>5......#
#............#
#............#
#....#####+###
#.... #....
#....


You could see Pikel and a lemure.

Vanquished Creatures
  Sigmund (D:3)
  A jelly (D:4)
  Ijyb (D:3)
  An iguana (D:4)
  Natasha (thrice) (D:3)
  4 adders
  2 dart slugs
  11 endoplasms
  3 giant cockroaches
  16 goblins
  6 hobgoblins
  7 jackals (D:3)
  A quokka (D:4)
  5 ball pythons
  A bat (D:3)
  4 frilled lizards
  5 kobolds
  5 rats
77 creatures vanquished.

Notes
Turn   | Place    | Note
-------+----------+-------------------------------------------
     0 | D:1      | LeprechaunX the Octopode Shapeshifter began the quest for
                  | the Orb.
     0 | D:1      | Reached XP level 1. HP: 14/14 MP: 1/1
     6 | D:1      | Noticed a snapping turtle
     6 | D:1      | Noticed a polar bear
     6 | D:1      | Noticed a wolf
     7 | D:1      | Noticed an anaconda
     7 | D:1      | Noticed a swamp worm
    61 | D:1      | Reached XP level 2. HP: 16/19 MP: 2/2
   305 | D:1      | Reached XP level 3. HP: 24/24 MP: 3/3
  1070 | D:2      | Reached XP level 4. HP: 30/30 MP: 4/4
  1386 | D:3      | Found Muylilegh's Jewellery Emporium.
  1483 | D:3      | Noticed Sigmund
  1504 | D:3      | Killed Sigmund
  1505 | D:3      | Reached XP level 5. HP: 33/36 MP: 5/5
  1505 | D:3      | Reached XP level 6. HP: 39/42 MP: 6/6
  1524 | D:3      | Found a sparkling altar of Nemelex Xobeh.
  1524 | D:3      | Found a hide-covered altar of Uskayaw.
  1534 | D:3      | Found a shimmering altar of Xom.
  1561 | D:3      | Found an opulent altar of Gozag.
  1647 | D:3      | Found Woamuiwn's Antique Weapon Emporium.
  1653 | D:3      | Noticed Natasha
  1658 | D:3      | Killed Natasha
  1722 | D:3      | Found a faded altar of an unknown god.
  1828 | D:3      | Noticed Natasha
  1834 | D:3      | Killed Natasha
  2020 | D:3      | Noticed Ijyb
  2045 | D:3      | Killed Ijyb
  2170 | D:4      | Found a transporter.
  2215 | D:3      | Bought an ebony rapier for 144 gold pieces
  2215 | D:3      | Identified the +2 rapier of Reinforcement {freeze, rF+ rN+
                  | SInv} (You bought it in a shop on level 3 of the Dungeon)
  2231 | D:3      | Noticed Natasha
  2241 | D:3      | Killed Natasha
  2339 | D:4      | Found a transporter.
  2575 | D:4      | Found a staircase to the Ecumenical Temple.
  2580 | D:4      | Noticed Pikel
  2595 | D:4      | HP: 2/42 [Pikel/+0 whip of freezing (1)]
  2597 | D:5      | Entered Level 5 of the Dungeon
  2599 | D:5      | Slain by a lemure

Illustrated notes

Levels and vault maps discovered:
D:1:      onia_arrival_zoo_common, layout_basic, minmay_tetromino_o2
D:2:      layout_loops_ring, minmay_between
D:3:      kennysheep_goblin_castle, layout_rooms,
          nicolae_overflow_macrodata_refinement, serial_shops,
          nicolae_shop_advertising_works [nicolae_subvault_shop_adworks], shop,
          shapermc_ecumenical_altar_notcrosses, uniq_ijyb, uniq_natasha,
          uniq_sigmund
D:4:      gammafunk_wand_slinger, layout_gridville,
          minmay_temple_entry_gardened_gates, hangedman_decor_clover_reticule,
          minmay_misc_feat_square, minmay_bisected, uniq_pikel
D:5:      layout_gridville, ebering_ghost_disaster_area, serial_shops,
          nicolae_shop_waterfront

Skill      XL: |  1  2  3  4  5  6 |
---------------+-------------------+-----
Unarmed Combat | 3 4 |  4.3
Fighting       | 3 |  3.3
Shapeshifting  | 4 |  4.5
Dodging        | 3 |  3.2
Short Blades   | |  0.6

Action                     |  1- 3 |  4- 6 || total
---------------------------+-------+-------++-------
  Melee: Unarmed           |    66 |    63 ||   129
         Constrict         |    14 |    20 ||    34
         Tentacles         |     8 |    15 ||    23
         Punch             |     1 |     5 ||     6
         Rapier            |       |    21 ||    21
  Throw: Boomerang         |       |    13 ||    13
   Stab: Sleeping          |    16 |     7 ||    23
 Armour: Skin              |     4 |     3 ||     7
  Dodge: Dodged            |    26 |    85 ||   111

Table legend: (Time is in decaauts)
 A = Elapsed time spent in this place.
 B = Non-inter-level travel time spent in this place.
 C = Inter-level travel time spent in this place.
 D = Time resting spent in this place.
 E = Time spent auto-exploring this place.
 F = Levels seen in this place.
 G = Mean time per level.
                   A        B        C        D        E       F      G
               +--------+--------+--------+--------+--------+-----+--------+
         Total |   2596 |   2445 |    151 |     53 |   1734 |   5 |  519.2 |
       Dungeon |   2596 |   2445 |    151 |     53 |   1734 |   5 |  519.2 |
               +--------+--------+--------+--------+--------+-----+--------+

Top non-repeatable levels by time:
     D:3: 882 daAuts
     D:1: 694 daAuts
     D:2: 655 daAuts
     D:4: 362 daAuts
     D:5: 1 daAuts
